 Dungeon Crawl Stone Soup version 0.23-a0-446-g036aa52d93 (webtiles) character file.

30 Hercules1031 the Ducker (level 3, 0/19 HPs)
             Began as a Spriggan Monk on Nov 18, 2018.
             Was a Believer of Ashenzari.
             Killed by divine providence
             ... invoked by an orc priest
              (12 damage)
             ... on level 2 of the Dungeon.
             The game lasted 00:03:33 (1225 turns).

Hercules1031 the Ducker (Spriggan Monk)             Turns: 1225, Time: 00:03:33

Health: 0/19       AC:  2    Str:  7    XL:     3   Next: 3%
Magic:  4/4        EV: 21    Int: 11    God:    Ashenzari [**....]
Gold:   59         SH:  0    Dex: 19    Spells: 2/2 levels left

rFire    . . .     SeeInvis +   a - +0 short sword
rCold    . . .     Gourm    .   (shield restricted)
rNeg     . . .     Faith    .   b - +0 robe
rPois    .         Spirit   .   (helmet restricted)
rElec    .         Reflect  .   (no cloak)
rCorr    .         Harm     .   (gloves unavailable)
MR       .....                  (boots unavailable)
Stlth    +++.......             (no amulet)
HPRegen  0.06/turn              (no ring)
MPRegen  0.09/turn              (no ring)

@: very quick
A: very small, unfitting armour, see invisible, herbivore, speed 3, slow
metabolism 2
a: Curse Item, Scrying, Renounce Religion


You were on level 2 of the Dungeon.
You worshipped Ashenzari.
Ashenzari was pleased with you.
You were not hungry.

You visited 1 branch of the dungeon, and saw 2 of its levels.

You collected 59 gold pieces.

Inventory:

Hand Weapons
 a - a +0 short sword (weapon)
Armour
 b - a +0 robe (worn)
Scrolls
 d - 2 scrolls of noise {unknown}
 e - a scroll of amnesia {unknown}
 h - a scroll of identify {unknown}
 i - 2 scrolls of teleportation {unknown}
Potions
 f - a potion of magic {unknown}
 g - a potion of agility {unknown}
 j - a potion of mutation {unknown}
Comestibles
 c - 4 rations


   Skills:
 + Level 2.7 Fighting
 + Level 3.7 Short Blades
 + Level 5.0 Dodging
 + Level 3.3 Stealth


You had 2 spell levels left.
You didn't know any spells.
Your spell library was empty.

Dungeon Overview and Level Annotations

Branches:
Dungeon (2/15)

Altars:
Ashenzari


Innate Abilities, Weirdness & Mutations

You are very small and have problems with some larger weapons.
You are too small for most types of armour.
You have supernaturally acute eyesight. (SInv)
You are a herbivore.
You cover ground extremely quickly.
You need to consume almost no food.


Message History

The frilled lizard closely misses you.
An orc wizard comes into view. It is wielding a +0 dagger.
The orc priest miscasts a cantrip.
The orc wizard shouts! x2; You hear a shout!
You barely miss the frilled lizard. The frilled lizard misses you.
You closely miss the frilled lizard.
The frilled lizard bites you but does no damage.
The orc wizard points at you and mumbles some strange words.
The puff of flame misses you.
You closely miss the frilled lizard.
An orc comes into view. It is wielding a +1 mace of protection.
The orc priest hits you but does no damage.
The frilled lizard barely misses you.
The orc wizard mumbles some strange words.
The orc wizard blinks!
The dart slug misses you.
The orc priest invokes the aid of Beogh against you.
Beogh smites you!
Ouch! That really hurt!
You die...

########### #.......#
..........## #.$.....#
.########..# #.......#* # *
.#########.#####.....>.##..
.'.............+......§o'..,
.##########.####..ol.:.#* .#
*...........+...wo..# ##
*.######..###.......# **,, *
##.# #@......# # * *
##.###.##...## *, ,
#......##...# * , #
#.#.######+## # #.#+# , #
*#., #* ,.., , ,, , , .# *
,, , , #. , , ,,, ,, ,


You could see an orc priest, an orc wizard, a dart slug, an orc and a frilled
lizard.

Vanquished Creatures
  An ooze (D:2)
  3 dart slugs
  2 bats (D:1)
  A giant cockroach (D:1)
  2 goblins (D:1)
  2 hobgoblins (D:1)
  2 jackals (D:1)
  A frilled lizard (D:1)
  A kobold (D:1)
  5 rats
20 creatures vanquished.

Notes
Turn   | Place    | Note
-------+----------+-------------------------------------------
     0 | D:1      | Hercules1031 the Spriggan Monk began the quest for the Orb.
     0 | D:1      | Reached XP level 1. HP: 11/11 MP: 2/2
   222 | D:1      | Reached XP level 2. HP: 12/16 MP: 3/3
  1124 | D:2      | Found a shattered altar of Ashenzari.
  1126 | D:2      | Became a worshipper of Ashenzari the Shackled
  1126 | D:2      | Reached * piety under Ashenzari
  1126 | D:2      | Reached ** piety under Ashenzari
  1197 | D:2      | Reached skill level 5 in Dodging
  1197 | D:2      | Reached XP level 3. HP: 11/19 MP: 4/4
  1225 | D:2      | Killed from afar by an orc priest

Vault maps used:
D:1:      dpeg_arrival_boxorama
D:2:      evilmike_ruin_ashenzari, nicolae_gozag_seed_capital, first_ration,
          roderic_lattice_a, minmay_misc_feat_nine_boxes, uniq_jessica,
          uniq_sigmund

Skill      XL: |  1  2 |
---------------+-------+-----
Dodging        | 5 |  5.0
Fighting       | |  2.7
Short Blades   | |  3.7
Stealth        | |  3.3

Action                   || total
-------------------------++-------
Melee: Short sword       ||    85
 Stab: Sleeping          ||     4
Armor: Robe              ||     4
Dodge: Dodged            ||    60

Table legend:
 A = Non-vault XP
 B = Vault XP
 C = Vault XP percentage of total XP
 D = Non-vault monster count
 E = Vault monster count
 F = Vault count percentage of total count
                 A         B        C        D         E       F
            +---------+---------+-------+---------+---------+-------
      Total |      43 |       0 |   0.0 |      20 |       0 |   0.0
            +---------+---------+-------+---------+---------+-------
        D:1 |      30 |       0 |   0.0 |      16 |       0 |   0.0
        D:2 |      13 |       0 |   0.0 |       4 |       0 |   0.0
            +---------+---------+-------+---------+---------+-------
